 Dungeon Crawl Stone Soup version 0.26.0-10-g1f06aea511 (webtiles) character file.

Game seed: 16199915504318712621

93 Amaterasu the Insei (level 4, -3/21 HPs)
             Began as a Vine Stalker Transmuter on Jan 25, 2021.
             Slain by Grinder (4 damage)
             ... on level 3 of the Dungeon.
             The game lasted 00:03:47 (2331 turns).

Amaterasu the Insei (Vine Stalker Transmuter)       Turns: 2331, Time: 00:03:47

Health: -3/21      AC:  2    Str: 13    XL:     4   Next: 62%
Magic:  0/8        EV: 12    Int: 13    God:
Gold:   135        SH:  0    Dex: 15    Spells: 1/7 levels left

rFire    . . .     SeeInvis .     - Unarmed
rCold    . . .     Faith    .   (no shield)
rNeg     . . .     Spirit   +   a - +0 robe
rPois    .         Reflect  .   (helmet currently unavailable)
rElec    .         Harm     .   (no cloak)
rCorr    +         Rampage  .   (no gloves)
Will     .....                  (boots currently unavailable)
Stlth    +.........             (no amulet)
HPRegen  0.47/turn              d - ring of resist corrosion
MPRegen  0.11/turn              (no ring)

@: appendages (expiring), wereblooded
A: fangs 2, horns 2, talons 2, regeneration 1, magic shield, antimagic bite, no
potion heal 3
a: End Transformation


You were on level 3 of the Dungeon.
You had grown temporary horns.
You had grown temporary talons.
You visited 1 branch of the dungeon, and saw 3 of its levels.

You collected 135 gold pieces.

Inventory:

Armour
 a - a +0 robe (worn)
Jewellery
 d - a ring of resist corrosion (left hand)
Scrolls
 b - a scroll of amnesia
 c - 2 scrolls of identify
Potions
 e - a potion of might {unknown}
 f - a potion of mutation {unknown}
 g - 5 potions of curing {unknown}
 h - 2 potions of degeneration {unknown}
 i - a potion of haste {unknown}


   Skills:
 - Level 0.8 Fighting
 - Level 1.5 Dodging
 * Level 4.6 Unarmed Combat
 - Level 2.1 Spellcasting
 * Level 2.9 Transmutations
 * Level 0.6 Poison Magic


You had one spell level left.
You knew the following spells:

 Your Spells              Type           Power        Failure   Level
a - Beastly Appendage     Tmut           16%          8%          1
b - Wereblood             Tmut           8%           12%         2
c - Spider Form           Tmut/Pois      3%           36%         3

Your spell library contained the following spells:

 Spells                   Type           Power        Failure   Level
 Ice Form                 Ice/Tmut       5%           80%         4
 Blade Hands              Tmut           4%           91%         5


Dungeon Overview and Level Annotations

Branches:
Dungeon (3/15)

Altars:
Hepliaklqana

Annotations:
D:3 Grinder


Innate Abilities, Weirdness & Mutations

You have extremely sharp teeth.
Your natural rate of healing is unusually fast.
When hurt, damage is shared between your health and your magic reserves.
Your bite disrupts and absorbs the magic of your enemies.
Potions cannot restore your health.
You have a pair of horns on your head.
You have razor-sharp toenails.


Message History

Your transformation is almost over.
Grinder hits you!
You writhe in agony.
Grinder barely misses you.
You howl as the wereblood boils in your veins!
Grinder hits you but does no damage. Grinder hits you!
* * * LOW HITPOINT WARNING * * *
You writhe in agony.
* * * LOW HITPOINT WARNING * * *
You can move again.
Unknown command.
You are too injured to fight recklessly!
Okay, then.
Okay, then.
You closely miss Grinder. Your kick misses Grinder.
Your headbutt misses Grinder. You bite Grinder, but do no damage.
Grinder hits you.
* * * LOW HITPOINT WARNING * * *
You writhe in agony.
You die...

#.#.# #....#
#.#.# #....#
#.#[#
#....###.#.#
+....+.....#
....###.###
... #.#
#5####'##
#@.#....#
##.#....#
#......#
##.....#
#.....#
......##
####.#.#
#...# ##(.#


You could see Grinder.

Vanquished Creatures
  3 adders
  A worm (D:2)
  A dart slug (D:2)
  3 leopard geckos
  6 orcs (D:3)
  2 bats (D:2)
  4 giant cockroaches
  2 goblins (D:1)
  4 hobgoblins
  11 jackals
  6 kobolds
  A frilled lizard (D:1)
  3 rats
47 creatures vanquished.

Notes
Turn   | Place    | Note
-------+----------+-------------------------------------------
     0 | D:1      | Amaterasu the Vine Stalker Transmuter began the quest for
                  | the Orb.
     0 | D:1      | Reached XP level 1. HP: 9/9 MP: 4/4
   395 | D:1      | Reached XP level 2. HP: 14/14 MP: 6/6
   778 | D:1      | Learned a level 2 spell: Wereblood
  1142 | D:2      | Reached XP level 3. HP: 12/17 MP: 3/7
  1278 | D:2      | Reached skill level 4 in Unarmed Combat
  1414 | D:2      | Found a hazy altar of Hepliaklqana.
  1518 | D:2      | Learned a level 3 spell: Spider Form
  1958 | D:2      | Gained mutation: Your natural rate of healing is unusually
                  | fast. [Vine Stalker growth]
  1958 | D:2      | Reached XP level 4. HP: 21/21 MP: 6/8
  2320 | D:3      | Noticed Grinder
  2324 | D:3      | Paralysed by Grinder for 7 turns
  2331 | D:3      | HP: 1/21 [Grinder (1)]
  2331 | D:3      | Slain by Grinder

Illustrated notes

Levels and vault maps discovered:
D:1:      dpeg_arrival_orchard, layout_loops_ring, feat_on_display
D:2:      layout_rooms, nzn_hepliaklqana_mist_gate
D:3:      layout_basic, uniq_grinder

Skill      XL: |  1  2  3 |
---------------+----------+-----
Unarmed Combat | 4 |  4.6
Fighting       | |  0.8
Dodging        | |  1.5
Spellcasting   | |  2.1
Transmutations | |  2.9
Poison Magic   | |  0.6

Action                   |  1- 3 |  4- 6 || total
-------------------------+-------+-------++-------
Melee: Unarmed           |    84 |    25 ||   109
       Bite              |    19 |     6 ||    25
       Kick              |    11 |     3 ||    14
       Headbutt          |    12 |     2 ||    14
       Punch             |     1 |       ||     1
 Cast: Beastly Appendage |    17 |     4 ||    21
       Wereblood         |     1 |     2 ||     3
  Use: Scroll            |     4 |     2 ||     6
 Stab: Sleeping          |     1 |       ||     1
Armor: Robe              |    15 |     4 ||    19
Dodge: Dodged            |    63 |    15 ||    78
